 Dungeon Crawl Stone Soup version 0.21.1-1-g345015f (webtiles) character file.

240 Mirai the Slasher (level 5, -2/55 HPs)
             Began as a Draconian Berserker on Feb 16, 2018.
             Was a Believer of Trog.
             Slain by a gnoll
             ... wielding a +0 spear
              (12 damage)
             ... on level 4 of the Dungeon.
             The game lasted 00:08:41 (3195 turns).

Mirai the Slasher (Draconian Berserker)             Turns: 3195, Time: 00:08:43

Health: -2/55      AC:  5    Str: 18 (20) XL:     5   Next: 79%
Magic:  5/5        EV: 13    Int:  8      God:    Trog [**....]
Gold:   161        SH:  0    Dex:  8 (10) Spells: 4/4 levels left

rFire    . . .     SeeInvis .   a - +0 falchion
rCold    . . .     Gourm    .   (no shield)
rNeg     . . .     Faith    .   (armour unavailable)
rPois    .         Spirit   .   (helmet restricted)
rElec    .         Reflect  .   (no cloak)
rCorr    .         Harm     .   (no gloves)
MR       ++...                  (no boots)
Stlth    +.........             (no amulet)
HPRegen  1.18/turn              (no ring)
MPRegen  0.09/turn              (no ring)

@: berserk cooldown, regenerating
A: unfitting armour, robust 2, cold-blooded, AC +5
a: Berserk, Trog's Hand, Burn Spellbooks, Renounce Religion


You were on level 4 of the Dungeon.
You worshipped Trog.
Trog was pleased with you.
You were very hungry.

You visited 1 branch of the dungeon, and saw 4 of its levels.

You collected 161 gold pieces.

Inventory:

Hand Weapons
 a - a +0 falchion (weapon)
Jewellery
 g - an uncursed ring of ice
Wands
 f - a wand of acid (5)
Scrolls
 c - a scroll of teleportation
 e - a scroll of fog
 j - a scroll of magic mapping {unknown}
 k - 4 scrolls of identify {unknown}
 l - a scroll of immolation {unknown}
 m - a scroll of amnesia {unknown}
 n - a scroll of enchant armour {unknown}
Potions
 d - a potion of might
 i - a potion of degeneration
 o - a potion of agility {unknown}
Comestibles
 b - 8 rations


   Skills:
 * Level 4.2 Fighting
 + Level 5.0 Long Blades
 + Level 4.1 Dodging
 + Level 0.3 Stealth


You had 4 spell levels left.
You didn't know any spells.

Dungeon Overview and Level Annotations

Branches:
Dungeon (4/15)
 Temple: D:4-7

Altars:
Vehumet


Innate Abilities, Weirdness & Mutations

Your plain brown scales are hard. (AC +5)
You cannot fit into any form of body armour.
You are cold-blooded and may be slowed by cold attacks.
You are very robust. (+20% HP)


Message History

The gnoll hits you from afar with a spear.
The gnoll hits you with a halberd. The giant cockroach closely misses you.
You are feeling very hungry.
You hit the gnoll.
The gnoll is almost dead.
The gnoll closely misses you.
The giant cockroach bites you but does no damage.
The gnoll hits you with a halberd.
* * * LOW HITPOINT WARNING * * *
The gnoll hits you from afar with a spear.
* * * LOW HITPOINT WARNING * * *
The giant cockroach bites you but does no damage.
Your skin crawls.
You feel resistant to hostile enchantments.
You feel somewhat more hungry.
You feel yourself speed up. The gnoll completely misses you.
The giant cockroach bites you.
* * * LOW HITPOINT WARNING * * *
The gnoll hits you from afar with a spear!
You die...

### .## #... ..
#..##.# #.# ##...#.#
#.# ##......# #.###
#.......# #...
#...s.# #..# #..@#
#..# #.g######..#
#.g.g.ggg..#
##..######)#
####...#####))g...g.
+...........g.......
####...###########..
#..## #.#####


You could see 2 gnolls and a giant cockroach.

Vanquished Creatures
  The ghost of Reldio the Shield-Bearer, an amateur GrFi (D:3)
  Robin (D:4)
  A gnoll (D:4)
  6 adders
  A worm (D:3)
  3 dart slugs
  4 leopard geckos
  An orc (D:3)
  8 bats
  6 giant cockroaches
  15 goblins
  8 hobgoblins
  3 jackals (D:3)
  7 kobolds
  A quokka (D:3)
  A ball python (D:3)
  4 frilled lizards
  9 rats
80 creatures vanquished.

Notes
Turn   | Place    | Note
-------+----------+-------------------------------------------
     0 | D:1      | Mirai the Draconian Berserker began the quest for the Orb.
     0 | D:1      | Reached XP level 1. HP: 19/19 MP: 1/1
   269 | D:1      | Reached XP level 2. HP: 24/26 MP: 2/2
   833 | D:2      | Reached XP level 3. HP: 24/31 MP: 3/3
  1150 | D:2      | Reached ** piety under Trog
  1226 | D:2      | Reached skill level 4 in Long Blades
  1337 | D:2      | Reached XP level 4. HP: 29/40 MP: 4/4
  1754 | D:3      | Noticed Reldio's ghost (amateur GrFi)
  1762 | D:3      | Killed Reldio's ghost
  1762 | D:3      | Reached XP level 5. HP: 46/46 MP: 5/5
  1771 | D:3      | Gained mutation: You are robust. (+10% HP) [potion of mutation]
  1771 | D:3      | Gained mutation: You are very robust. (+20% HP) [potion of mutation]
  2307 | D:3      | Found a radiant altar of Vehumet.
  3153 | D:4      | Noticed Robin
  3163 | D:4      | Killed Robin
  3183 | D:4      | Reached skill level 5 in Long Blades
  3195 | D:4      | Slain by a gnoll

Skill      XL: |  1  2  3  4  5 |
---------------+----------------+-----
Dodging        | 3 4 |  4.1
Long Blades    | 4 5 |  5.0
Fighting       | 4 |  4.2
Stealth        | |  0.3

Action                   |  1- 3 |  4- 6 || total
-------------------------+-------+-------++-------
Melee: Falchion          |   111 |   125 ||   236
       Tailslap          |    13 |    17 ||    30
Invok: Berserk           |       |     3 ||     3
       Trog's Hand       |       |     2 ||     2
Evoke: Wand              |       |     1 ||     1
  Use: Potion            |     1 |     2 ||     3
       Scroll            |       |     3 ||     3
  Eat: Chunk             |     2 |     8 ||    10
Armor: Skin              |    53 |    42 ||    95
Dodge: Dodged            |   111 |   121 ||   232
       Rpst.: Falchion   |    37 |    29 ||    66
